BSA
KALAMAZOO ROYALE WITH CHEESE @ SEATTLE PIKES
07/24/2029
 
TOP OF THE 1ST
Kalamazoo Royale with Cheese batting - Pitching for Seattle Pikes : RHP Roberto Matoza
Pitching: RHP Roberto Matoza
Batting: LHB Javier Espinoza 0-0: Ball
1-0: Ball
2-0: Ground out U3 (Groundball, 34)
Batting: SHB Caden Keith 0-0: Foul Ball, location: 2F
0-1: SINGLE (Flyball, 78S)
Batting: LHB Vincente Sáenz 0-0: Called Strike
Caden Keith steals 2nd base
0-1: Ball
1-1: DOUBLE (Line Drive, 78XD)
Caden Keith scores
Batting: LHB Roberto Sandoval 0-0: Called Strike
0-1: Ball
1-1: Ball
2-1: Ball
3-1: Fly out, F5 (Line Drive, 5)
Batting: RHB Zander Tremblett 0-0: Fly out, F4 (Popup, 4S)
Top of the 1st over - 1 run, 2 hits, 0 errors, 1 left on base; Kalamazoo 1 - Seattle 0
BOTTOM OF THE 1ST
Seattle Pikes batting - Pitching for Kalamazoo Royale with Cheese : RHP Jason Taylor
Pitching: RHP Jason Taylor
Batting: RHB Pete Rideout 0-0: Called Strike
0-1: Ground out 6-3 (Groundball, 56)
Batting: RHB Hamilton Holbrook 0-0: Called Strike
0-1: Foul Ball, location: 2F
0-2: Foul Ball, location: 2F
0-2: Ball
1-2: Strikes out swinging
Batting: RHB Randy Sheppard 0-0: Called Strike
0-1: Foul Ball, location: 2F
0-2: Strikes out swinging
Bottom of the 1st over - 0 runs, 0 hits, 0 errors, 0 left on base; Kalamazoo 1 - Seattle 0
TOP OF THE 2ND
Kalamazoo Royale with Cheese batting - Pitching for Seattle Pikes : RHP Roberto Matoza
Batting: LHB Bill McJannett 0-0: Ball
1-0: Ball
2-0: Foul Ball, location: 2F
2-1: Foul Ball, location: 2F
2-2: Fly out, F4 (Popup, 3D)
Batting: LHB Bob Martin 0-0: DOUBLE (Line Drive, 8LXD)
Batting: LHB Keith Tillman 0-0: Called Strike
0-1: Swinging Strike
0-2: DOUBLE (Groundball, 3L)
Bob Martin scores
Batting: RHB José Velásquez 0-0: Called Strike
0-1: Fly out, F9 (Flyball, 9)
Batting: LHB Javier Espinoza 0-0: Called Strike
0-1: Swinging Strike
0-2: Ball
1-2: Ball
2-2: Foul Ball, location: 2F
2-2: Ball
3-2: SINGLE (Groundball, 6D)
Keith Tillman to third
Keith Tillman scores
Batting: SHB Caden Keith 0-0: Foul Ball, location: 2F
0-1: Fly out, F7 (Flyball, 78S)
Top of the 2nd over - 2 runs, 3 hits, 0 errors, 1 left on base; Kalamazoo 3 - Seattle 0
BOTTOM OF THE 2ND
Seattle Pikes batting - Pitching for Kalamazoo Royale with Cheese : RHP Jason Taylor
Batting: LHB Richard Hunter 0-0: Ball
1-0: Ball
2-0: Called Strike
2-1: Foul Ball, location: 2F
2-2: Fly out, F7 (Flyball, 78D)
Batting: SHB António Hernández 0-0: Foul Ball, location: 2F
0-1: Swinging Strike
0-2: Strikes out swinging
Batting: RHB Iván Gonzáles 0-0: Called Strike
0-1: Ball
1-1: Foul Ball, location: 2F
1-2: Fly out, F9 (Flyball, 9LSF)
Bottom of the 2nd over - 0 runs, 0 hits, 0 errors, 0 left on base; Kalamazoo 3 - Seattle 0
TOP OF THE 3RD
Kalamazoo Royale with Cheese batting - Pitching for Seattle Pikes : RHP Roberto Matoza
Batting: LHB Vincente Sáenz 0-0: Ball
1-0: Ball
2-0: Ground out 4-3 (Groundball, 4)
Batting: LHB Roberto Sandoval 0-0: Ball
1-0: Foul Ball, location: 2F
1-1: Ball
2-1: Ground out 2-3 (Groundball, 2L)
Batting: RHB Zander Tremblett 0-0: Foul Ball, location: 2F
0-1: Ball
1-1: Ball
2-1: Ball
3-1: Base on Balls
Batting: LHB Bill McJannett 0-0: Ball
1-0: Ground out 5-3 (Groundball, 56D)
Top of the 3rd over - 0 runs, 0 hits, 0 errors, 1 left on base; Kalamazoo 3 - Seattle 0
BOTTOM OF THE 3RD
Seattle Pikes batting - Pitching for Kalamazoo Royale with Cheese : RHP Jason Taylor
Batting: RHB Robert Johnson 0-0: Called Strike
0-1: Ball
1-1: Ball
2-1: Foul Ball, location: 2F
2-2: Strikes out swinging
Batting: RHB António López 0-0: TRIPLE (Line Drive, 78XD)
Batting: RHB Arnold Harmon 0-0: Swinging Strike
0-1: DOUBLE (Line Drive, 89D)
António López scores
Batting: RHB Pete Rideout 0-0: Called Strike
0-1: Ball
1-1: Swinging Strike
1-2: Ball
2-2: Ball
3-2: Foul Ball, location: 2F
3-2: Foul Ball, location: 2F
3-2: Strikes out looking
Batting: RHB Hamilton Holbrook 0-0: Ball
1-0: Ball
2-0: Ball
3-0: Base on Balls
Batting: RHB Randy Sheppard 0-0: Ball
1-0: Foul Ball, location: 2F
1-1: Swinging Strike
1-2: Ball
2-2: Ball
3-2: 3-RUN HOME RUN (Flyball, 7D), Distance : 387 ft
Batting: LHB Richard Hunter 0-0: SINGLE (Groundball, 56S) (infield hit)
Batting: SHB António Hernández 0-0: Called Strike
0-1: Ball
1-1: Fly out, F8 (Flyball, 78D)
Bottom of the 3rd over - 4 runs, 4 hits, 0 errors, 1 left on base; Kalamazoo 3 - Seattle 4
TOP OF THE 4TH
Kalamazoo Royale with Cheese batting - Pitching for Seattle Pikes : RHP Roberto Matoza
Batting: LHB Bob Martin 0-0: Ball
1-0: Ball
2-0: Ball
3-0: Base on Balls
Batting: LHB Keith Tillman 0-0: Called Strike
0-1: Ground out 4-3 (Groundball, 34D)
Bob Martin to second
Batting: RHB José Velásquez 0-0: Ball
1-0: Called Strike
1-1: Called Strike
1-2: Foul Ball, location: 2F
1-2: Ground out 5-3 (Groundball, 56)
Batting: LHB Javier Espinoza 0-0: Swinging Strike
0-1: Ball
1-1: Called Strike
1-2: Foul Ball, location: 2F
1-2: Reached on error, E4 (Groundball, 4)
Bob Martin scores
Batting: SHB Caden Keith 0-0: Ball
1-0: Ball
2-0: Ball
3-0: Base on Balls
Batting: LHB Vincente Sáenz 0-0: Called Strike
0-1: Called Strike
0-2: Strikes out swinging
Top of the 4th over - 1 run, 0 hits, 1 error, 2 left on base; Kalamazoo 4 - Seattle 4
BOTTOM OF THE 4TH
Seattle Pikes batting - Pitching for Kalamazoo Royale with Cheese : RHP Jason Taylor
Batting: RHB Iván Gonzáles 0-0: Ball
1-0: Ball
2-0: SINGLE (Line Drive, 7S)
Batting: RHB Robert Johnson 0-0: Called Strike
0-1: Fly out, F2 (Popup, 15S)
Batting: RHB António López 0-0: Ball
1-0: Called Strike
1-1: Ball
2-1: Foul Ball, location: 2F
2-2: Foul Ball, location: 2F
2-2: Grounds into double play, 5-4-3 (Groundball, 5)
Bottom of the 4th over - 0 runs, 1 hit, 0 errors, 0 left on base; Kalamazoo 4 - Seattle 4
TOP OF THE 5TH
Kalamazoo Royale with Cheese batting - Pitching for Seattle Pikes : RHP Roberto Matoza
Batting: LHB Roberto Sandoval 0-0: Ball
1-0: Ball
2-0: Called Strike
2-1: Foul Ball, location: 2F
2-2: Strikes out swinging
Batting: RHB Zander Tremblett 0-0: Ball
1-0: Ground out 5-3 (Groundball, 56S)
Batting: LHB Bill McJannett 0-0: Ground out 4-3 (Groundball, 4)
Top of the 5th over - 0 runs, 0 hits, 0 errors, 0 left on base; Kalamazoo 4 - Seattle 4
BOTTOM OF THE 5TH
Seattle Pikes batting - Pitching for Kalamazoo Royale with Cheese : RHP Jason Taylor
Batting: RHB Arnold Harmon 0-0: Foul Ball, location: 2F
0-1: SINGLE (Flyball, 4D)
Batting: RHB Pete Rideout 0-0: Ball
1-0: Foul Ball, location: 2F
1-1: Foul Ball, location: 2F
1-2: Strikes out swinging
Batting: RHB Hamilton Holbrook 0-0: Called Strike
0-1: Ball
1-1: Swinging Strike
1-2: Strikes out swinging
Batting: RHB Randy Sheppard 0-0: Called Strike
0-1: Foul Ball, location: 2F
0-2: Ball
1-2: Fly out, F8 (Flyball, 8LXD)
Bottom of the 5th over - 0 runs, 1 hit, 0 errors, 1 left on base; Kalamazoo 4 - Seattle 4
TOP OF THE 6TH
Kalamazoo Royale with Cheese batting - Pitching for Seattle Pikes : RHP Roberto Matoza
Batting: LHB Bob Martin 0-0: Swinging Strike
0-1: Ball
1-1: Ball
2-1: Fly out, F7 (Flyball, 78D)
Batting: LHB Keith Tillman 0-0: Bunt missed!
0-1: Foul Ball, location: 2F
0-2: Ball
1-2: Ball
2-2: Ball
3-2: SINGLE (Groundball, 34D)
Pitching: RHP José Jiménez
Batting: RHB José Velásquez 0-0: Ball
1-0: Called Strike
1-1: Fly out, F9 (Flyball, 89M)
Batting: LHB Javier Espinoza 0-0: SINGLE (Flyball, 8LS)
Keith Tillman to second
Batting: SHB Caden Keith 0-0: Ball
1-0: Foul Ball, location: 2F
1-1: Foul Ball, location: 2F
1-2: Foul Ball, location: 2F
1-2: Foul Ball, location: 2F
1-2: Foul Ball, location: 2F
1-2: Foul Ball, location: 2F
1-2: Ball
2-2: Ball
3-2: Ground out 4-3 (Groundball, 4S)
Top of the 6th over - 0 runs, 2 hits, 0 errors, 2 left on base; Kalamazoo 4 - Seattle 4
BOTTOM OF THE 6TH
Seattle Pikes batting - Pitching for Kalamazoo Royale with Cheese : RHP Jason Taylor
Batting: LHB Richard Hunter 0-0: Called Strike
0-1: Foul Ball, location: 2F
0-2: Ball
1-2: Foul Ball, location: 2F
1-2: Foul Ball, location: 2F
1-2: Strikes out swinging
Batting: SHB António Hernández 0-0: Ball
1-0: DOUBLE (Flyball, 8LD)
Batting: RHB Iván Gonzáles 0-0: Intentional Walk
Batting: RHB Robert Johnson 0-0: Called Strike
0-1: Called Strike
0-2: Ball
1-2: Ball
2-2: Grounds into double play, 6-4-3 (Groundball, 6)
Bottom of the 6th over - 0 runs, 1 hit, 0 errors, 1 left on base; Kalamazoo 4 - Seattle 4
TOP OF THE 7TH
Kalamazoo Royale with Cheese batting - Pitching for Seattle Pikes : RHP José Jiménez
Batting: LHB Vincente Sáenz 0-0: Called Strike
0-1: SINGLE (Groundball, 4MD)
Batting: LHB Roberto Sandoval 0-0: Foul Ball, location: 2F
0-1: Fly out, F9 (Flyball, 89D)
Batting: RHB Zander Tremblett 0-0: Called Strike
0-1: Ball
1-1: Ball
2-1: Fly out, F9 (Flyball, 89M)
Batting: LHB Bill McJannett 0-0: Fly out, F9 (Flyball, 9S)
Top of the 7th over - 0 runs, 1 hit, 0 errors, 1 left on base; Kalamazoo 4 - Seattle 4
BOTTOM OF THE 7TH
Seattle Pikes batting - Pitching for Kalamazoo Royale with Cheese : RHP Jason Taylor
Pinch Hitting: LHB John Bond 0-0: Swinging Strike
0-1: Ball
1-1: Ball
2-1: Swinging Strike
2-2: Ball
3-2: Fly out, F3 (Popup, 34S)
Batting: RHB Arnold Harmon 0-0: Called Strike
0-1: Ground out U3 (Groundball, 3S)
Batting: RHB Pete Rideout 0-0: Called Strike
0-1: Called Strike
0-2: Ball
1-2: Strikes out looking
Bottom of the 7th over - 0 runs, 0 hits, 0 errors, 0 left on base; Kalamazoo 4 - Seattle 4
TOP OF THE 8TH
Kalamazoo Royale with Cheese batting - Pitching for Seattle Pikes : RHP José Jiménez
Now at 1B: John Bond
Batting: LHB Bob Martin 0-0: Ball
1-0: Ball
2-0: SOLO HOME RUN (Flyball, 9LD), Distance : 337 ft
Batting: LHB Keith Tillman 0-0: Ground out 4-3 (Groundball, 4)
Batting: RHB José Velásquez 0-0: Ball
1-0: Called Strike
1-1: Called Strike
1-2: SINGLE (Line Drive, 4M)
Pitching: LHP Rubén Rico
Pinch Hitting: RHB Tae-kwon Kwon 0-0: Ball
1-0: Ball
2-0: SINGLE (Line Drive, 8RS)
José Velásquez to second
Pitching: RHP Jonathan Long
Batting: SHB Caden Keith 0-0: Foul Ball, location: 2F
0-1: Fly out, F5 (Popup, 5F)
Batting: LHB Vincente Sáenz 0-0: Ball
1-0: Ball
2-0: Called Strike
2-1: Ball
3-1: Called Strike
3-2: Base on Balls
José Velásquez to third
Tae-kwon Kwon to second
Batting: LHB Roberto Sandoval 0-0: Called Strike
0-1: Foul Ball, location: 2F
0-2: Ball
1-2: Strikes out swinging
Top of the 8th over - 1 run, 3 hits, 0 errors, 3 left on base; Kalamazoo 5 - Seattle 4
BOTTOM OF THE 8TH
Seattle Pikes batting - Pitching for Kalamazoo Royale with Cheese : RHP Jason Taylor
Pitching: RHP Armen Boyajian
Now at 2B: Bob Noble
Batting: RHB Hamilton Holbrook 0-0: Called Strike
0-1: Ball
1-1: Ground out 4-3 (Groundball, 34)
Batting: RHB Randy Sheppard 0-0: Ball
1-0: Swinging Strike
1-1: Fly out, F8 (Flyball, 8LM)
Pitching: LHP Jason Simpson
Batting: LHB Richard Hunter 0-0: Foul Ball, location: 2F
0-1: Ball
1-1: Called Strike
1-2: Ball
2-2: Strikes out swinging, 2-3 out at first.
Bottom of the 8th over - 0 runs, 0 hits, 0 errors, 0 left on base; Kalamazoo 5 - Seattle 4
TOP OF THE 9TH
Kalamazoo Royale with Cheese batting - Pitching for Seattle Pikes : RHP Jonathan Long
Batting: RHB Zander Tremblett 0-0: Ball
1-0: Ball
2-0: Ball
3-0: Called Strike
3-1: Foul Ball, location: 2F
3-2: Base on Balls
Pitching: RHP Francisco Carrasco
Batting: LHB Bill McJannett 0-0: Called Strike
0-1: Fly out, F6 (Popup, 6)
Batting: LHB Bob Martin 0-0: Called Strike
0-1: Ball
1-1: Ball
2-1: Foul Ball, location: 2F
2-2: Fielders Choice at 2nd, 6-4 (Groundball, 56)
Batting: LHB Keith Tillman 0-0: Called Strike
0-1: Called Strike
0-2: Strikes out looking
Top of the 9th over - 0 runs, 0 hits, 0 errors, 1 left on base; Kalamazoo 5 - Seattle 4
BOTTOM OF THE 9TH
Seattle Pikes batting - Pitching for Kalamazoo Royale with Cheese : LHP Jason Simpson
Pitching: RHP Roberto Ledesma
Batting: SHB António Hernández 0-0: Foul Ball, location: 2F
0-1: Ball
1-1: Called Strike
1-2: Ball
2-2: Strikes out swinging
Batting: RHB Iván Gonzáles 0-0: Ball
1-0: Fly out, F9 (Flyball, 89XD)
Batting: RHB Robert Johnson 0-0: Called Strike
0-1: Ball
1-1: Fly out, F7 (Flyball, 7)
Bottom of the 9th over - 0 runs, 0 hits, 0 errors, 0 left on base; Kalamazoo 5 - Seattle 4
Saturday, December 16th, 2017 - OOTP Baseball 18.8 Build 76